 Dungeon Crawl Stone Soup version 0.18-a0-270-ga9d907f (webtiles) character file.

28 Duffy the Charmwright (level 2, -1/19 HPs)
             Began as a High Elf Skald on Nov 26, 2015.
             Slain by a worm (7 damage)
             ... on level 2 of the Dungeon.
             The game lasted 00:01:49 (1334 turns).

Duffy the Charmwright (High Elf Skald)              Turns: 1334, Time: 00:01:49

Health: -1/19      AC:  6    Str: 11    XL:     2   Next: 96%
Magic:  6/6        EV: 12    Int: 15    God:
Gold:   40         SH:  0    Dex: 14    Spells: 1 memorised, 5 levels left

rFire  . . .     SeeInvis .     a - +0 falchion
rCold  . . .     Clarity  +     b - +0 leather armour
rNeg   . . .     SustAt   .     (no shield)
rPois  .         Gourm    .     (no helmet)
rElec  .         Spirit   .     (no cloak)
rCorr  .         Warding  .     h - +1 pair of gloves
rMut   .         Stasis   .     e - +0 pair of boots (curse)
MR     .....                    m - amulet of clarity
Stlth  +.........               (no ring)
                                (no ring)

@: not resistant to hostile enchantments, very unstealthy
A: no striking features
a: no special abilities


You were on level 2 of the Dungeon.
You were not hungry.

You visited 1 branch of the dungeon, and saw 2 of its levels.

You collected 40 gold pieces.


   Skills:
 - Level 2.0 Fighting
 + Level 3.5 Long Blades
 - Level 0.8 Armour
 - Level 1.8 Dodging
 - Level 2.5 Spellcasting
 + Level 3.8 Charms


You had 5 spell levels left.
You knew the following spells:

 Your Spells              Type           Power        Failure   Level  Hunger
a - Infusion              Chrm           ##....       10%         1    #......

Inventory:

Hand Weapons
 a - a +0 falchion (weapon)
Missiles
 i - 18 poisoned needles
Armour
 b - a +0 leather armour (worn)
 e - a cursed +0 pair of boots (worn)
 h - a +1 pair of gloves (worn)
Jewellery
 m - an amulet of clarity (around neck)
Scrolls
 f - 3 scrolls of identify {unknown}
 g - 2 scrolls of remove curse {unknown}
 j - 2 scrolls of teleportation {unknown}
 l - a scroll of random uselessness {unknown}
Potions
 k - a potion of beneficial mutation {unknown}
Books
 c - a book of Battle
Comestibles
 d - 2 bread rations

Dungeon Overview and Level Annotations

Branches:
Dungeon (2/15)

Altars:


Message History

You barely miss the worm. The worm bites you.
You hit the worm.
The worm is moderately wounded.
The worm misses you.
You hit the worm.
The worm is moderately wounded.
The worm closely misses you.
Your leather armour prevents you from hitting the worm.
The worm is moderately wounded.
You hit the worm.
The worm is heavily wounded.
The worm closely misses you.
You hit the worm.
The worm is severely wounded.
The worm bites you.
You hit the worm.
The worm is severely wounded.
You hit the worm but do no damage.
The worm is severely wounded.
The worm bites you!
Ouch! That really hurt!
You are too injured to fight recklessly!
You are too injured to fight recklessly!
You are too injured to fight recklessly!
You are too injured to fight recklessly!
You are too injured to fight recklessly!
You are too injured to fight recklessly!
You are too injured to fight recklessly!
You are too injured to fight recklessly!
You are too injured to fight recklessly!
You are too injured to fight recklessly!
You barely miss the worm.
The worm is severely wounded.
The worm bites you!
You die...

.................##..#
#######..
###..###...#.###.###.#
#.... #.. #....#.#
#.....#######.... #.
#....#.###.#..............
...............#####.#....
#...#.#.#.####....#.#....
#.......)....#....#.#....
#...#..#####.#....#.#....
# #....@w...+......#....
#...##....#....###....
#...# .####....# #....
####. .# #....# . ##
#....# . ..##### ## ##. #


You could see a worm.

Action                   || total
-------------------------++-------
Melee: Falchion          ||   110
 Stab: Sleeping          ||     1
  Eat: Chunk             ||     1

Notes
Turn   | Place    | Note
--------------------------------------------------------------
     0 | D:1      | Duffy the High Elf Skald began the quest for the Orb.
     0 | D:1      | Reached XP level 1. HP: 14/14 MP: 4/4
   265 | D:1      | Reached XP level 2. HP: 12/19 MP: 6/6
   268 | D:1      | Reached skill level 3 in Long Blades
  1334 | D:2      | Slain by a worm

Vault maps used:
D:1:      minmay_arrival_arboretum_small, minmay_splitting_lines,
          nrook_mini_vaults
D:2:      elyvilon_altar_1, cheibriados_altar_wand_db

Vanquished Creatures
  A giant gecko
  3 bats
  A giant cockroach
  3 hobgoblins
  6 kobolds
  A giant newt
  8 goblins
  2 rats
25 creatures vanquished.
